 Dungeon Sprint DCSS version 0.26-a0-846-gcc8f1ee719 (webtiles) character file.

Game seed: 5457239982956649513

25658 sahdkjhfkaj the Metallomancer (level 13, -5/81 HPs)
             Began as a Gargoyle Earth Elementalist on Nov 20, 2020.
             Was the Champion of Vehumet.
             Slain by a profane servitor
             ... wielding a +3 whip
              (8 damage)
             ... in the Dungeon (Sprint VII: "The Pits").
             The game lasted 00:15:29 (6267 turns).

sahdkjhfkaj the Metallomancer (GrEE)                Turns: 6267, Time: 00:15:31

Health: -5/81      AC: 14    Str: 13    XL:     13   Next: 21%
Magic:  10/30      EV: 12    Int: 20    God:    Vehumet [******]
Gold:   21         SH:  0    Dex: 13    Spells: 9/38 levels left

rFire    . . .     SeeInvis .   q - +4 quarterstaff (speed)
rCold    . . .     Faith    .   (shield currently unavailable)
rNeg     + . .     Spirit   .   c - +0 robe
rPois    ∞         Reflect  .   r - +0 helmet
rElec    +         Harm     .   (no cloak)
rCorr    .         Rampage  .   m - +0 pair of gloves
MR       .....     NoTele   +   s - +0 pair of boots
Stlth    ++........             (no amulet)
HPRegen  0.23/turn              n - +3 ring of dexterity
MPRegen  0.22/turn              z - ring of wizardry

@: wreathed by umbra
A: negative energy resistance 1, electricity resistance, unbreathing,
petrification resistance, rot immunity, AC +9
a: Renounce Religion


You were in the Dungeon.
You worshipped Vehumet.
Vehumet was exalted by your worship.
You visited 1 branch You collected 21 gold pieces.

Inventory:

Hand Weapons
 q - a +4 quarterstaff of speed (weapon)
Missiles
 b - 59 stones (quivered)
 t - a throwing net {!f}
Armour
 c - a +0 robe (worn)
 m - a +0 pair of gloves (worn)
 r - a +0 helmet (worn)
 s - a +0 pair of boots (worn)
Jewellery
 n - a +3 ring of dexterity (left hand)
 o - a +3 ring of strength
 z - a ring of wizardry (right hand)
Wands
 l - a wand of polymorph (6)
 A - a wand of digging (4)
Scrolls
 j - 3 scrolls of remove curse {!r}
 k - 3 scrolls of amnesia {!r}
 u - 6 scrolls of enchant weapon {!r}
 x - 4 scrolls of enchant armour {!r}
 y - a scroll of identify {!r}
Potions
 a - 2 potions of invisibility {!q}
 d - 10 potions of curing {!q}
 e - 13 potions of heal wounds {!q}
 f - a potion of haste {!q}
 g - a potion of magic {!q}
 h - 5 potions of berserk rage {!q}
 p - a potion of mutation {!q}
 w - a potion of might {!q}


   Skills:
 - Level 9.7 Fighting
 - Level 1.5 Dodging
 - Level 2.1 Stealth
 - Level 13.2 Spellcasting
 - Level 20.0 Conjurations
 - Level 0.7 Transmutations
 + Level 24.1 Earth Magic


You had 9 spell levels left.
You knew the following spells:

 Your Spells              Type           Power        Failure   Level
a - Iron Shot             Conj/Erth      #######...   1%          6
d - Lee's Rapid Deconstr  Erth           #######...   0%          5
H - Shatter               Erth           #######...   3%          9
T - Tornado               Air            ##........   100%        9

Your spell library contained the following spells:

 Spells                   Type           Power        Failure   Level
 Ignition                 Fire           ##........   100%        8
 Sandblast                Erth           ######       0%          1
 Stone Arrow              Conj/Erth      ######       0%          3
 Passwall                 Tmut/Erth      ######..     1%          2
 Petrify                  Tmut/Erth      ######..     1%          4


Dungeon Overview and Level Annotations

Branches:
Dungeon (1/1)

Altars:
Ashenzari
Cheibriados
Dithmenos
Elyvilon
Fedhas
Gozag
Hepliaklqana
Kikubaaqudgha
Makhleb
Nemelex Xobeh
Okawaru
Qazlal
Ru
Sif Muna
Trog
Uskayaw
Vehumet
Wu Jian
Xom
Yredelemnul
Zin
The Shining One
Beogh
Jiyva
Lugonu


Innate Abilities, Weirdness & Mutations

You are resistant to torment.
Your stone body is resilient. (AC +9)
You are immune to poison.
You resist negative energy. (rN+)
You are resistant to electric shocks. (rElec)
You can survive without breathing.
You are immune to petrification.
You are immune to rotting.


Message History

Casting: Iron Shot (safe; 1% risk of failure)
Confirm with . or Enter, or press ? or * to list all spells.
Aiming: Iron Shot (safe; 1% risk of failure)
Press: ? - help, Shift-Dir - straight line, f/p - profane servitor
Aim: a profane servitor, wielding a +3 whip (almost destroyed, umbra)
The iron shot misses the profane servitor.
The profane servitor hits you with a +3 whip!
* * * LOW HITPOINT WARNING * * *
The profane servitor closely misses you.
Unknown command.
Casting: Iron Shot (safe; 1% risk of failure)
Confirm with . or Enter, or press ? or * to list all spells.
Aiming: Iron Shot (safe; 1% risk of failure)
Press: ? - help, Shift-Dir - straight line, f/p - profane servitor
Aim: a profane servitor, wielding a +3 whip (almost destroyed, umbra)
The iron shot hits the profane servitor!!
The profane servitor is almost destroyed.
The profane servitor hits you but does no damage. x2
The profane servitor hits you with a +3 whip!
You die...

#_________.#*,,,,,
#_________.#******
#_______...#######
##..######'##.....
##.?..')))'.##.....
#.#.#.###.#)##.....
..()()))...[.)...)
#)##.##.#####[....
#@A...#....##..)..
#.#...#.#))#####'#
#)#...'.#))##.....
#.##.####)).......
#.#.....#[[##.....
#.#.....#'###...<.
#.#........##.....
#.#........##.....
#.###########.....


You could see a profane servitor.

Vanquished Creatures
  An azure jelly (D)
  An orc warlord (D)
  An emperor scorpion (D)
  A yellow draconian (D)
  A blizzard demon (D)
  A yaktaur captain (D)
  A vault guard (D)
  2 two-headed ogres (D)
  A catoblepas (D)
  A death yak (D)
  A shadow wraith (D)
  A sixfirhy (D)
  5 skeletal warriors (D)
  A deep troll (D)
  A phantasmal warrior (D)
  A lindwurm (D)
  5 orc knights (D)
  3 deep elf magi (D)
  2 molten gargoyles (D)
  Psyche (D)
  An efreet (D)
  3 yaktaurs (D)
  2 hellwings (D)
  2 guardian mummies (D)
  A merfolk (D)
  Grinder (D)
  A wind drake (D)
  A jumping spider (D)
  A flying skull (D)
  A snapping turtle (D)
  A tarantella (D)
  A redback (D)
  11 yaks (D)
  A steam dragon (D)
  2 wargs (D)
  A floating eye (D)
  A swamp drake (D)
  A phantom (D)
  2 eyes of draining (D)
  A necrophage (D)
  7 wolves (D)
  A big kobold (D)
  4 killer bees (D)
  6 wights (D)
  An iron imp (D)
  A worker ant (D)
  A hell rat (D)
  2 adders (D)
  A river rat (D)
  2 oozes (D)
  An adder zombie (D)
  A worm (D)
  3 leopard geckos (D)
  An orc (D)
  A bat skeleton (D)
  2 giant cockroaches (D)
  2 hobgoblins (D)
  5 jackals (D)
  A quokka (D)
  2 kobolds (D)
  A rat (D)
114 creatures vanquished.

Vanquished Creatures (collateral kills)
  A fire bat (D)
1 creature vanquished.

Grand Total: 115 creatures vanquished

Notes
Turn   | Place    | Note
-------+----------+-------------------------------------------
     0 | D        | sahdkjhfkaj the Gargoyle Earth Elementalist began the quest
                  | for the Orb.
     0 | D        | Reached XP level 1. HP: 10/10 MP: 3/3
    15 | D        | Reached skill level 4 in Earth Magic
    31 | D        | Found a bloodstained altar of Trog.
    31 | D        | Found a shimmering blue altar of Sif Muna.
    31 | D        | Found a viscous altar of Jiyva.
    31 | D        | Found a hazy altar of Hepliaklqana.
    31 | D        | Found an opulent altar of Gozag.
    32 | D        | Found a glowing golden altar of the Shining One.
    32 | D        | Found a glowing silver altar of Zin.
    32 | D        | Found a basalt altar of Yredelemnul.
    32 | D        | Found a shimmering altar of Xom.
    32 | D        | Found an ornate altar of the Wu Jian Council.
    32 | D        | Found a sacrificial altar of Ru.
    32 | D        | Found a stormy altar of Qazlal.
    32 | D        | Found an iron altar of Okawaru.
    32 | D        | Found a sparkling altar of Nemelex Xobeh.
    32 | D        | Found a burning altar of Makhleb.
    32 | D        | Found a blossoming altar of Fedhas.
    32 | D        | Found a white marble altar of Elyvilon.
    32 | D        | Found a shadowy altar of Dithmenos.
    32 | D        | Found a snail-covered altar of Cheibriados.
    34 | D        | Found a corrupted altar of Lugonu.
    34 | D        | Found a radiant altar of Vehumet.
    34 | D        | Found a roughly hewn altar of Beogh.
    35 | D        | Found an ancient bone altar of Kikubaaqudgha.
    35 | D        | Found a hide-covered altar of Uskayaw.
    35 | D        | Found a broken altar of Ashenzari.
    42 | D        | Became a worshipper of Vehumet
    84 | D        | Reached * piety under Vehumet
    84 | D        | Offered knowledge of Freeze by Vehumet.
    85 | D        | Reached skill level 5 in Earth Magic
   122 | D        | Reached skill level 6 in Earth Magic
   122 | D        | Reached XP level 2. HP: 15/15 MP: 1/6
   183 | D        | Reached ** piety under Vehumet
   194 | D        | Noticed a fire bat
   367 | D        | Killed a fire bat
   367 | D        | Offered knowledge of Foxfire by Vehumet.
   368 | D        | Reached skill level 9 in Earth Magic
   368 | D        | Reached XP level 3. HP: 4/19 MP: 6/9
   368 | D        | Reached XP level 4. HP: 5/24 MP: 6/10
   705 | D        | Offered knowledge of Inner Flame by Vehumet.
   710 | D        | Learned a level 3 spell: Stone Arrow
   778 | D        | Reached *** piety under Vehumet
   779 | D        | Reached skill level 5 in Spellcasting
   829 | D        | Noticed a warg
   831 | D        | Noticed a floating eye
   836 | D        | Killed a warg
   837 | D        | Reached skill level 11 in Earth Magic
   837 | D        | Reached XP level 5. HP: 28/28 MP: 2/13
   844 | D        | Reached XP level 6. HP: 28/32 MP: 3/15
   929 | D        | Learned a level 5 spell: Lee's Rapid Deconstruction
   936 | D        | Killed a floating eye
   936 | D        | Offered knowledge of Olgreb's Toxic Radiance by Vehumet.
   937 | D        | Reached skill level 13 in Earth Magic
   942 | D        | Reached **** piety under Vehumet
   985 | D        | Noticed a phantom
   987 | D        | Killed a phantom
  1038 | D        | Reached skill level 14 in Earth Magic
  1038 | D        | Reached XP level 7. HP: 36/36 MP: 1/18
  1144 | D        | Noticed Grinder
  1145 | D        | Offered knowledge of Airstrike by Vehumet.
  1145 | D        | Reached ***** piety under Vehumet
  1146 | D        | Killed Grinder
  1147 | D        | Reached skill level 15 in Earth Magic
  1210 | D        | Noticed a sixfirhy
  1210 | D        | Noticed a molten gargoyle
  1210 | D        | Noticed a flying skull
  1215 | D        | Killed a flying skull
  1215 | D        | Killed a sixfirhy
  1216 | D        | Reached skill level 10 in Spellcasting
  1216 | D        | Reached skill level 17 in Earth Magic
  1216 | D        | Reached XP level 8. HP: 22/41 MP: 11/22
  1221 | D        | Killed a molten gargoyle
  1222 | D        | Reached skill level 18 in Earth Magic
  1222 | D        | Reached XP level 9. HP: 30/45 MP: 14/23
  1436 | D        | Offered knowledge of Starburst by Vehumet.
  1437 | D        | Reached skill level 1 in Conjurations
  1525 | D        | Noticed a merfolk
  1557 | D        | Killed a merfolk
  1682 | D        | Reached ****** piety under Vehumet
  1682 | D        | Offered knowledge of Bolt of Magma by Vehumet.
  1724 | D        | Reached skill level 19 in Earth Magic
  1740 | D        | Reached skill level 5 in Conjurations
  1916 | D        | Noticed a molten gargoyle
  1939 | D        | Killed a molten gargoyle
  2108 | D        | Noticed an efreet
  2111 | D        | Killed an efreet
  2112 | D        | Reached XP level 10. HP: 50/50 MP: 11/25
  2126 | D        | Offered knowledge of Iron Shot by Vehumet.
  2211 | D        | Learned a level 6 spell: Iron Shot
  2211 | D        | Noticed a catoblepas
  2218 | D        | Killed a catoblepas
  2219 | D        | Reached skill level 20 in Earth Magic
  2301 | D        | Noticed a two-headed ogre
  2317 | D        | Killed a two-headed ogre
  2393 | D        | Noticed a two-headed ogre
  2420 | D        | Killed a two-headed ogre
  2514 | D        | Noticed a deep troll
  2518 | D        | Killed a deep troll
  2584 | D        | Noticed a skeletal warrior
  2584 | D        | Noticed a deep elf mage
  2585 | D        | Offered knowledge of Lightning Bolt by Vehumet.
  2594 | D        | Killed a deep elf mage
  2631 | D        | Killed a skeletal warrior
  2632 | D        | Reached XP level 11. HP: 33/54 MP: 7/26
  2788 | D        | Noticed a skeletal warrior
  2790 | D        | Noticed a skeletal warrior
  2813 | D        | Killed a skeletal warrior
  2814 | D        | Reached skill level 15 in Conjurations
  2931 | D        | Noticed a skeletal warrior
  2934 | D        | Killed a skeletal warrior
  2935 | D        | Killed a skeletal warrior
  2935 | D        | Offered knowledge of Orb of Destruction by Vehumet.
  3225 | D        | Noticed a skeletal warrior
  3228 | D        | Killed a skeletal warrior
  3299 | D        | Noticed Psyche
  3371 | D        | Offered knowledge of Yara's Violent Unravelling by Vehumet.
  3429 | D        | Noticed a phantasmal warrior
  3432 | D        | Killed a phantasmal warrior
  3544 | D        | Killed Psyche
  3855 | D        | Offered knowledge of Freezing Cloud by Vehumet.
  3856 | D        | Reached skill level 1 in Fighting
  4322 | D        | Noticed a lindwurm
  4322 | D        | Noticed a death yak
  4331 | D        | Killed a shadow wraith
  4331 | D        | Offered knowledge of Shatter by Vehumet.
  4331 | D        | Offered knowledge of Tornado by Vehumet.
  4331 | D        | Offered knowledge of Ignition by Vehumet.
  4332 | D        | Reached skill level 5 in Fighting
  4332 | D        | Reached XP level 12. HP: 57/68 MP: 18/27
  4348 | D        | Learned a level 9 spell: Shatter
  4395 | D        | Killed a death yak
  5047 | D        | Noticed an emperor scorpion
  5175 | D        | Killed an emperor scorpion
  5315 | D        | Learned a level 9 spell: Tornado
  5339 | D        | Noticed a blizzard demon
  5339 | D        | Noticed an orc warlord
  5340 | D        | Noticed an orc warlord
  5340 | D        | Noticed a yellow draconian
  5344 | D        | Killed a yellow draconian
  5346 | D        | Killed a blizzard demon
  5347 | D        | Reached skill level 21 in Earth Magic
  5697 | D        | Killed an orc warlord
  5698 | D        | Reached skill level 22 in Earth Magic
  5699 | D        | Noticed a yaktaur captain
  5705 | D        | Killed a yaktaur captain
  5915 | D        | Reached XP level 13. HP: 79/81 MP: 21/30
  5969 | D        | Noticed an azure jelly
  5982 | D        | Killed an azure jelly
  5983 | D        | Reached skill level 23 in Earth Magic
  5993 | D        | Noticed a vault guard
  6060 | D        | Killed a vault guard
  6150 | D        | Reached skill level 24 in Earth Magic
  6257 | D        | Noticed a profane servitor
  6266 | D        | HP: 3/81 [profane servitor/+3 whip (13)]
  6267 | D        | Slain by a profane servitor

Illustrated notes

Levels and vault maps discovered:
D:        pitsprint [storerooms_1, entrance_room_1, metal_vault_4, armoury_2,
          mini_pit_1, grid_room_1, main_hall_1, silver_pit, the_coven_3,
          the_vestibule_1, steel_vault_1, golden_pit, hallway_of_sentries,
          crystal_vault_2, iron_vault_4, final_vault]

Skill      XL: |  1  2  3  4  5  6  7  8  9 10 11 12 13 |
---------------+----------------------------------------+-----
Earth Magic    | 6 9 11 14 17 18 19 20 22 24 | 24.1
Spellcasting   | 3 4 6 7 10 11 13 | 13.2
Conjurations   | 6 14 19 20 | 20.0
Fighting       | 5 9 |  9.7
Dodging        | |  1.5
Stealth        | |  2.1
Transmutations | |  0.7

Action                   |  1- 3 |  4- 6 |  7- 9 | 10-12 | 13-15 || total
-------------------------+-------+-------+-------+-------+-------++-------
Melee: Quarterstaff      |     3 |     4 |     1 |    37 |     1 ||    46
 Cast: Sandblast         |    12 |     5 |     1 |       |       ||    18
       Stone Arrow       |       |     5 |       |       |       ||     5
       Lee's Rapid Decon |       |     7 |    31 |    36 |       ||    74
       Iron Shot         |       |       |       |    70 |    13 ||    83
       Shatter           |       |       |       |     1 |     3 ||     4
  Use: Scroll            |     1 |       |     2 |     5 |       ||     8
       Potion            |       |     1 |     3 |     6 |     1 ||    11
Armor: Robe              |     2 |     2 |    11 |    37 |     9 ||    61
Dodge: Dodged            |     1 |     3 |    13 |    37 |     5 ||    59

Table legend: (Time is in decaauts)
 A = Elapsed time spent in this place.
 B = Non-inter-level travel time spent in this place.
 C = Inter-level travel time spent in this place.
 D = Time resting spent in this place.
 E = Time spent auto-exploring this place.
 F = Levels seen in this place.
 G = Mean time per level.
                   A        B        C        D        E       F      G
               +--------+--------+--------+--------+--------+-----+--------+
         Total |   6252 |   6040 |    212 |   4235 |     13 |   1 | 6252.0 |
       Dungeon |   6252 |   6040 |    212 |   4235 |     13 |   1 | 6252.0 |
               +--------+--------+--------+--------+--------+-----+--------+

Top non-repeatable levels by time:
       D: 6252 daAuts
